 Dungeon Crawl Stone Soup version 0.19-b1-3-g7dea586 (webtiles) character file.

28 Chiseanne the Magician (level 3, 24/24 HPs)
             Began as a Demonspawn Wizard on Oct 29, 2016.
             Quit the game on level 1 of the Dungeon.
             The game lasted 00:02:15 (1067 turns).

Chiseanne the Magician (Demonspawn Wizard)          Turns: 1067, Time: 00:02:16

Health: 24/24      AC:  2    Str:  7    XL:     3   Next: 0%
Magic:  1/8        EV: 12    Int: 20    God:
Gold:   31         SH:  0    Dex: 11    Spells: 1 memorised, 8 levels left

rFire  . . .     SeeInvis .     o - +0 short sword
rCold  . . .     Gourm    .     a - +0 robe
rNeg   . . .     Faith    .     (no shield)
rPois  .         Spirit   .     b - +0 hat
rElec  .         Reflect  .     (no cloak)
rCorr  .         Harm     .     (no gloves)
MR     .....                    (no boots)
Stlth  +++.......               s - amulet of regeneration
                                (no ring)
                                (no ring)

@: very slightly contaminated
A: nightstalker 1, sanguine armour 1
a: no special abilities


You were on level 1 of the Dungeon.
You were not hungry.

You visited 1 branch of the dungeon, and saw 1 of its levels.

You collected 31 gold pieces.

Inventory:

Hand Weapons
 o - a +0 short sword (weapon)
Missiles
 e - 24 arrows
 q - 24 stones (quivered)
Armour
 a - a +0 robe (worn)
 b - a +0 hat (worn)
Jewellery
 s - an amulet of regeneration (around neck)
Scrolls
 g - a scroll of fear {unknown}
 i - a scroll of magic mapping {unknown}
 k - a scroll of remove curse {unknown}
 m - 2 scrolls of enchant armour {unknown}
 p - a scroll of recharging {unknown}
Potions
 f - a potion of flight {unknown}
 j - a potion of curing {unknown}
 l - a potion of heal wounds {unknown}
 n - a potion of cure mutation {unknown}
 r - 3 potions of brilliance {unknown}
Books
 c - a book of Minor Magic

   Spells                             Type                      Level
   a - Magic Dart                     Conjuration                  1
   b - Blink                          Translocation                2
   c - Call Imp                       Summoning                    2
   d - Repel Missiles                 Charms/Air                   2
   e - Slow                           Hexes                        2
   f - Conjure Flame                  Conjuration/Fire             3
   g - Mephitic Cloud                 Conjuration/Poison/Air       3
Comestibles
 d - a bread ration
 h - a meat ration


   Skills:
 - Level 1.7 Dodging
 - Level 1.7 Stealth
 * Level 3.6 Spellcasting
 * Level 1.9 Conjurations
   Level 1.0 Summonings
   Level 0.8 Translocations


You had 8 spell levels left.
You knew the following spells:

 Your Spells              Type           Power        Failure   Level  Hunger
a - Magic Dart            Conj           ##..         10%         1    None


Dungeon Overview and Level Annotations

Branches:
Dungeon (1/15)

Altars:


Innate Abilities, Weirdness & Mutations

You are slightly more attuned to the shadows.
When seriously injured, your bleeding wounds create armour. (AC +0)


Message History

Confirm with . or Enter, or press ? or * to list all spells.
Aiming: Magic Dart
Press: ? - help, Shift-Dir - straight line, f/p - kobold
Aim: a kobold, wielding a short sword (severely wounded)
You miscast Magic Dart.
You are very lightly contaminated with residual magic.
Your skin tingles.
Casting: Magic Dart
Confirm with . or Enter, or press ? or * to list all spells.
Aiming: Magic Dart
Press: ? - help, Shift-Dir - straight line, f/p - kobold
Aim: a kobold, wielding a short sword (severely wounded)
The magic dart hits the kobold.
You kill the kobold!
You have reached level 3!
Your experience leads to an increase in your attributes!
Increase (S)trength, (I)ntelligence, or (D)exterity?
You feel clever.
Your demonic ancestry asserts itself...
You slip into the darkness of the dungeon.
Are you sure you want to abandon this character and quit the game? (Confirm with "yes".)

### #.###.# #.....# ##.#.#.#
#†#...# .......# #.#.#.# .#
##...#.##### #.#.#.# #.#
......... ..####.#.#.# #.#
.#..... .).#.#.#.# ..#
.#.#.##########)#.#.#.####.#
................@.>........#
.#.#.#.###.#..#.#...#.####.#.#
.#.#.#.# #....#.#...#.#..r.#.#.#
##.#.#)# #...##.#...#.#..#.#.#.#
##.#.#.# #......#...#.#..#.#.#.##
.......# #..#.#.#...#.#..#.#.#...
##.#.#.# #..#.........##.#.#.#..#
#.#.#.# #..#.#..........#.#.#..#
##.#.#####..#.#..............#..#


There were no monsters in sight!

Vanquished Creatures
  2 giant cockroaches (D:1)
  2 goblins (D:1)
  3 hobgoblins (D:1)
  4 jackals (D:1)
  7 kobolds (D:1)
  5 bats (D:1)
  A frilled lizard (D:1)
  2 rats (D:1)
26 creatures vanquished.

Notes
Turn   | Place    | Note
-------+----------+-------------------------------------------
     0 | D:1      | Chiseanne the Demonspawn Wizard began the quest for the Orb.
     0 | D:1      | Reached XP level 1. HP: 13/13 MP: 4/4
   346 | D:1      | Gained mutation: When seriously injured, your bleeding wounds create armour. (AC +0) [demonic ancestry]
   346 | D:1      | Reached XP level 2. HP: 19/19 MP: 1/6
  1066 | D:1      | Gained mutation: You are slightly more attuned to the shadows. [demonic ancestry]
  1066 | D:1      | Reached XP level 3. HP: 24/24 MP: 1/8
  1067 | D:1      | Quit the game

Action                   || total
-------------------------++-------
Melee: Club              ||     5
       Short sword       ||    22
 Cast: Magic Dart        ||    53
Armor: Robe              ||    17
Dodge: Dodged            ||    36
